 Dungeon Crawl Stone Soup version 0.32-a0-450-g080537f31e (webtiles) character file.

Game seed: 4590552594902568073

160379 Dittersdorf the Peltast (level 17, -16/118 HPs)
             Began as a Gargoyle Fighter on Feb 23, 2024.
             Was an Initiate of Gozag.
             Demolished by an emperor scorpion (18 damage)
             ... on level 4 of the Spider Nest.
             The game lasted 00:42:31 (25813 turns).

Dittersdorf the Peltast (Gargoyle Fighter)         Turns: 25813, Time: 00:42:31

Health: -16/118    AC: 55    Str: 27 (28) XL:     17   Next: 76%
Magic:  0/17       EV:  6    Int: 12 (13) God:    Gozag
Gold:   3653       SH:  0    Dex:  6      Spells: 16/16 levels left

rFire   + . .        N - +1 eveningstar "Brilliance" {foul flame, Umbra}
rCold   + + .        T - +2 tower shield {rF+}
rNeg    + + .        O - +9 crystal plate armour of the Wasteland {+Inv rN+ Regen+ Slay-4}
rPois   ∞            m - +2 hat "Ympuaxau" {rElec rPois Regen+ Str+2}
rElec   +            r - scarf "Werolun" {repulsion, rC+ Int+2 Dex-3}
rCorr   +            s - +2 pair of gloves of Disguise {rCorr}
SInv    +            l - +1 pair of boots
Will    +++..        C - amulet of regeneration
Stlth   x              - ring of resist corrosion
HPRegen 3.59/turn    b - ring "Moowkaf" {Will++ SInv}
MPRegen 0.15/turn

%: repel missiles
@: confused, gold aura, flying, wreathed by umbra, invisible
A: sickness immunity, AC +12, big wings, negative energy resistance 1,
electricity resistance, torment resistance 1, petrification resistance, cold
resistance 1, regeneration 1
a: Renounce Religion, Evoke Invisibility, Potion Petition, Call Merchant, Bribe
Branch


You were on level 4 of the Spider Nest.
You worshipped Gozag.
Gozag was most pleased with you.
You visited 5 branches of the dungeon, and saw 27 of its levels.
You visited 1 bazaar.

You collected 10133 gold pieces.
You spent 1242 gold pieces at shops.
You paid 5238 gold pieces to Gozag.

Inventory:

Hand Weapons
 j - the +3 eveningstar "Impbane" {elec, rPois}
   (You acquired it on level 4 of the Dungeon)

   rPois:     It protects you from poison
 y - a +2 heavy morningstar
 N - the +1 eveningstar "Brilliance" (weapon) {foul flame, Umbra}
   (You took it off an orc warrior on level 10 of the Dungeon)

   Umbra:     It surrounds you with an aura of shadow, increasing your stealth
   and reducing the accuracy of all others within it.
Missiles
 q - 2 throwing nets
Armour
 l - a +1 pair of boots (worn)
 m - the +2 hat "Ympuaxau" (worn) {rElec rPois Regen+ Str+2}
   (You acquired it on level 5 of the Dungeon)

   Str+2:     It affects your strength (+2).
   rElec:     It insulates you from electricity.
   rPois:     It protects you from poison Regen+: It increases your rate of
   health regeneration.
 r - the scarf "Werolun" (worn) {repulsion, rC+ Int+2 Dex-3}
   (You bought it in a shop in a bazaar)

   Int+2:     It affects your intelligence (+2).
   Dex-3:     It affects your dexterity (-3).
   rC+:       It protects you from cold.
 s - the +2 pair of gloves of Disguise (worn) {rCorr}
   (You acquired it on level 13 of the Dungeon)

   rCorr:     It protects you from acid and corrosion.
 O - the +9 crystal plate armour of the Wasteland (worn) {+Inv rN+ Regen+ Slay-4}
   (You acquired it on level 2 of the Lair of Beasts)

   Slay-4:    It affects your accuracy & damage with ranged weapons and melee
   (-4).
   rN+:       It protects you from negative energy.
   +Inv:      It lets you turn invisible.
   Regen+:    It increases your rate of health regeneration.
 T - a +2 tower shield of fire resistance (worn)
Jewellery
 b - the ring "Moowkaf" (right hand) {Will++ SInv}
   (You acquired it on level 1 of the Dungeon)

   [ring of see invisible]

   Will++:    It greatly increases your willpower.
   SInv:      It lets you see invisible.
 h - a ring of fire
 w - a ring of positive energy
 x - a ring of resist corrosion (left hand)
 z - a ring of ice
 C - an amulet of regeneration (around neck)
 F - a ring of protection from fire
Wands
 a - a wand of digging (7)
 e - a wand of quicksilver (5)
 p - a wand of iceblast (25) (quivered)
Scrolls
 f - 2 scrolls of poison
 g - 8 scrolls of enchant weapon
 k - 10 scrolls of revelation
 o - 11 scrolls of teleportation
 E - 2 scrolls of silence
 G - 3 scrolls of fear
 I - 6 scrolls of enchant armour
 K - a scroll of identify
 M - 7 scrolls of immolation
 Q - a scroll of fog
Potions
 c - 2 potions of berserk rage
 d - 8 potions of might
 n - a potion of invisibility
 t - 3 potions of mutation
 u - 2 potions of cancellation
 v - 4 potions of haste
 A - 2 potions of magic
 B - 9 potions of ambrosia
 H - 2 potions of brilliance
 J - 4 potions of enlightenment
Miscellaneous
 i - a phantom mirror
 L - a lightning rod (4/4)


   Skills:
 + Level 17.6 Fighting
 + Level 16.1 Maces & Flails
 + Level 17.6 Armour
 + Level 17.7 Shields


You had 16 spell levels left.
You didn't know any spells.
Your spell library contained the following spells:

 Spells                   Type           Power      Damage    Failure   Level
 Apportation              Tloc           0%         N/A       100%        1
 Freeze                   Ice            0%         1d3       100%        1
 Necrotise                Necr           0%         1d4       100%        1
 Sandblast                Erth           0%         2d4       100%        1
 Sting                    Conj/Alch      0%         1d3       100%        1
 Summon Small Mammal      Summ           0%         N/A       100%        1
 Blink                    Tloc           0%         N/A       100%        2
 Lesser Beckoning         Tloc           0%         N/A       100%        2
 Mercury Vapours          Alch/Air       0%         N/A       100%        2
 Momentum Strike          Conj/Tloc      0%         3d8       100%        2
 Call Canine Familiar     Summ           0%         N/A       100%        3
 Frozen Ramparts          Ice            0%         1d1       100%        3
 Fugue of the Fallen      Necr           0%         N/A       100%        3
 Hailstorm                Conj/Ice       0%         3d5       100%        3
 Ozocubu's Armour         Ice            0%         N/A       100%        3
 Passwall                 Erth           0%         N/A       100%        3
 Sigil of Binding         Hex            0%         N/A       100%        3
 Stone Arrow              Conj/Erth      0%         3d7       100%        3
 Vampiric Draining        Necr           0%         2d6       100%        3
 Anguish                  Hex/Necr       0%         N/A       100%        4
 Brom's Barrelling Bould  Conj/Erth      0%         2d3       100%        4
 Cause Fear               Hex            0%         N/A       100%        4
 Dimensional Bullseye     Hex/Tloc       0%         N/A       100%        4
 Leda's Liquefaction      Alch/Erth      0%         N/A       100%        4
 Manifold Assault         Tloc           0%         N/A       100%        4
 Martyr's Knell           Necr/Summ      0%         N/A       100%        4
 Olgreb's Toxic Radiance  Alch           0%         N/A       100%        4
 Alistair's Intoxication  Alch           0%         N/A       100%        5
 Borgnjor's Vile Clutch   Necr/Erth      0%         N/A       100%        5
 Curse of Agony           Necr           0%         N/A       100%        5
 Lee's Rapid Deconstruct  Erth           0%         3d4*      100%        5
 Bombard                  Conj/Erth      0%         9d1       100%        6
 Conjure Ball Lightning   Conj/Air       0%         3x3d6     100%        6
 Eringya's Noxious Bog    Alch           0%         4d6       100%        6
 Enfeeble                 Hex            0%         N/A       100%        7
 Discord                  Hex            0%         N/A       100%        8
 Disjunction              Tloc           0%         N/A       100%        8


Dungeon Overview and Level Annotations

Branches:
Dungeon (15/15) Temple (1/1) D:6 Lair (5/5) D:9 Shoals (0/4) Lair:2 Spider (4/4) Lair:3 Slime (0/5) Lair:4 Orc (2/2) D:12 Elf (0/3) Orc:2 Vaults (0/5) D:12 D:13 Depths (0/4) D:15

Altars:
Ashenzari
Cheibriados
Dithmenos
Elyvilon
Fedhas
Gozag
Hepliaklqana
Kikubaaqudgha
Makhleb
Nemelex Xobeh
Okawaru
Qazlal
Ru
Sif Muna
Trog
Uskayaw
Vehumet
Wu Jian
Xom
Yredelemnul
Zin
The Shining One
Beogh
Jiyva

Shops:
D:1 ??[?:?   D:2 ?   D:11 *   D:12 =   D:14 :   Orc:1 =[?(?   Orc:2 [*[?=


Innate Abilities, Weirdness & Mutations

You are immune to sickness and miasma.
Your stone body is resilient. (AC +12)
You are immune to poison.
Your large and strong wings let you fly.
You resist negative energy. (rN+)
You are resistant to electric shocks. (rElec)
You are resistant to unholy torment.
You are immune to petrification.
Your flesh is cold resistant. (rC+)
Your natural rate of healing is unusually fast.


Message History

You are too injured to fight recklessly!
You are too injured to fight recklessly!
You are too injured to fight recklessly!
You are too injured to fight recklessly!
You are too injured to fight recklessly!
You miss the culicivora.
The wolf spider hits you but does no damage.
The wolf spider bites you but does no damage.
The culicivora is distracted by your dazzling golden aura.
The tarantella barely misses you. The tarantella touches you!
* * * LOW HITPOINT WARNING * * *
The jumping spider leaps!
The meliai hits you with a +0 broad axe!
* * * LOW HITPOINT WARNING * * *
The meliai stings you but does no damage.
The moth of wrath goads the emperor scorpion on!
The emperor scorpion goes berserk!
The moth of wrath goads the jumping spider on!
The jumping spider goes berserk!
The emperor scorpion is distracted by your dazzling golden aura.
The ghost moth is distracted by your dazzling golden aura.
The broodmother barely misses you.
The wolf spider hits you but does no damage.
The wolf spider bites you.
* * * LOW HITPOINT WARNING * * *
The orb spider is distracted by your dazzling golden aura.
The orb spider's many legs skitter faintly.
The culicivora's many legs skitter faintly.
Okay, then.
You are too confused!
You fade into invisibility!
The emperor scorpion is no longer distracted by gold.
The tarantella touches you!
* * * LOW HITPOINT WARNING * * *
The meliai is distracted by your dazzling golden aura.
The tarantella closely misses you.
A redback comes into view.
The emperor scorpion stings you!!
You die...
Your body crumbles into a pile of gold.

##.... ^.... #^.... ^
..... ###### .. ...^
########^^.^~ ...
^ss#####^^^.^.^.....
...^##°^°^s.^....#......
....sss....[............
...y.sssss.......#......
...y.ss@s........^^^^^..
......ssy^~.....^.######
^....^.s##~..^..####....
...^s##sB##^≈^### ##...
..... .y. ##### ##..
.... ....^ #.. ...
...... ##. .^.........
#. #.


You could see a broodmother (unable to see you), an emperor scorpion (berserk,
unable to see you), a radroach (unable to see you), 2 ghost moths, 2 wolf
spiders, a moth of wrath (unable to see you), 2 orb spiders, 4 culicivoras, 5
jumping spiders, 2 tarantellas, 2 redbacks and a meliai (unaware, unable to see
you).

Vanquished Creatures
  Rupert (Lair:5)
  Agnes (Spider:2)
  Louise (D:15)
  The ghost of Bustrupp the Cruncher, a journeyman DsMo of Gozag (D:15)
  2 emperor scorpions
  The ghost of Vaucseu the Severer, a journeyman MiFi of Okawaru (Orc:1)
  2 ghost moths
  4 broodmothers
  Nessos (D:12)
  A minotaur (D:15)
  A dire elephant (D:15)
  A spark wasp (Spider:4)
  Snorg (D:14)
  3 entropy weavers
  Fannar (D:11)
  A hydra (Lair:3)
  A catoblepas (Lair:4)
  Erolcha (Orc:1)
  A jorogumo (Spider:2)
  An ogre mage (D:15)
  15 two-headed ogres
  7 centaur warriors
  3 radroaches
  7 boulder beetles
  6 demonic crawlers
  A tengu warrior (D:15)
  A death yak (Lair:4)
  The ghost of discipleofbeogh the Thaumaturge, a journeyman SpAl of Sif Muna (Lair:1)
  A skyshark (Lair:5)
  9 pharaoh ants
  4 skeletal warriors (D:14)
  8 orb spiders
  2 sun moths
  4 orc knights
  4 steelbarb worms
  26 wolf spiders
  5 manticores
  11 ugly things
  A salamander (shapeshifter) (D:14)
  5 cyclopes
  A salamander (D:15)
  4 meliai
  4 moths of wrath
  A guardian serpent (Lair:5)
  7 kobold blastminers
  An elephant (Lair:1)
  13 slime creatures
  10 black mambas
  A water nymph (D:15)
  A torpor snail (Spider:4)
  2 rust devils (D:10)
  A gargoyle (D:11)
  An unseen horror (D:12)
  16 cane toads
  4 yaktaurs (D:15)
  A rime drake (D:9)
  3 kobold demonologists
  A tengu conjurer (D:15)
  An efreet (D:13)
  7 komodo dragons
  A queen bee (shapeshifter) (D:12)
  5 trolls
  2 polar bears
  21 tarantellas
  15 hornets
  A wind drake (Lair:2)
  7 blink frogs
  19 dream sheep
  38 jumping spiders
  14 culicivoras
  A spriggan (Lair:4)
  A shadow (D:12)
  38 yaks
  10 wyverns (Lair:5)
  4 wraiths
  3 basilisks
  16 humans (D:12)
  A steam dragon (D:8)
  9 vampire mosquitoes
  12 wargs (Orc:1)
  59 redbacks
  Edmund (D:5)
  22 water moccasins
  A swamp drake (shapeshifter) (D:15)
  5 ice beasts
  45 orc warriors
  3 sky beasts
  2 black bears
  2 laughing skulls (D:13)
  2 boggarts (D:9)
  9 ogres
  11 wolves
  26 centaurs
  A phantom (D:7)
  3 kobold brigands
  17 bullfrogs
  3 gnoll sergeants
  4 scorpions
  7 wights
  6 killer bees (D:10)
  7 howler monkeys
  3 bombardier beetles
  2 lava snakes (D:10)
  A quasit (D:5)
  17 jellies
  2 gnoll boudas
  8 orc priests
  8 hounds
  A sleepcap (D:7)
  Ijyb (D:3)
  2 iguanas
  27 orc wizards
  15 hell rats
  19 gnolls
  12 river rats (Lair:1)
  7 adders
  4 shadow imps
  A white imp (D:5)
  5 ufetubi
  2 dart slugs
  5 ribbon worms
  91 orcs
  6 endoplasms
  4 giant cockroaches
  9 goblins
  5 hobgoblins
  9 jackals
  20 kobolds
  8 quokkas
  6 ball pythons
  2 bats
  3 frilled lizards
  20 rats
1007 creatures vanquished.

Vanquished Creatures (others)
  An angel (D:7)
  A tarantella (Spider:1)
2 creatures vanquished.

Grand Total: 1009 creatures vanquished

Notes
Turn   | Place    | Note
-------+----------+-------------------------------------------
     0 | D:1      | Dittersdorf the Gargoyle Fighter began the quest for the
                  | Orb.
     0 | D:1      | Reached XP level 1. HP: 14/14 MP: 1/1
   165 | D:1      | Reached XP level 2. HP: 16/19 MP: 2/2
   543 | D:1      | Reached XP level 3. HP: 20/23 MP: 3/3
   822 | D:2      | Reached XP level 4. HP: 29/29 MP: 4/4
  1161 | D:2      | Found The Oracle's Delphic Readings.
  1641 | D:3      | Found a hazy altar of Hepliaklqana.
  1705 | D:3      | Reached XP level 5. HP: 23/33 MP: 5/5
  1908 | D:3      | Noticed Ijyb
  1923 | D:3      | Killed Ijyb
  2889 | D:4      | Reached XP level 6. HP: 13/39 MP: 6/6
  3080 | D:4      | Identified a scroll of acquirement
  3080 | D:4      | Acquired the +3 eveningstar "Impbane" {elec, rPois}
  3543 | D:5      | Entered Level 5 of the Dungeon
  3544 | D:5      | Acquired the +2 hat "Ympuaxau" {rElec rPois Regen+ Str+2}
  3570 | D:5      | Noticed an ice beast
  3576 | D:5      | Killed an ice beast
  3577 | D:5      | Reached skill level 5 in Fighting
  3577 | D:5      | Reached skill level 5 in Armour
  3577 | D:5      | Reached skill level 5 in Shields
  3577 | D:5      | Reached XP level 7. HP: 43/44 MP: 7/7
  3875 | D:5      | Found a sacrificial altar of Ru.
  3888 | D:5      | Found a stormy altar of Qazlal.
  3889 | D:5      | Noticed an air elemental
  3894 | D:5      | Noticed a fire elemental
  3894 | D:5      | Noticed a water elemental
  3912 | D:5      | Noticed Edmund
  3920 | D:5      | Killed Edmund
  4126 | D:5      | Reached XP level 8. HP: 51/51 MP: 8/8
  4554 | D:6      | Found a staircase to the Ecumenical Temple.
  4568 | Temple   | Entered the Ecumenical Temple
  4573 | Temple   | Reached skill level 5 in Maces & Flails
  4589 | Temple   | Became a worshipper of Gozag Ym Sagoz the Greedy
  4687 | D:6      | Noticed a two-headed ogre
  4694 | D:6      | Killed a two-headed ogre
  4695 | D:6      | Reached XP level 9. HP: 52/57 MP: 9/9
  5249 | D:7      | Found a radiant altar of Vehumet.
  5577 | D:7      | Noticed an angel
  5581 | D:7      | Found a glowing silver altar of Zin.
  5581 | D:7      | Found a shimmering altar of Xom.
  5820 | D:7      | Found a shadowy altar of Dithmenos.
  5822 | D:7      | Found a bloodstained altar of Trog.
  5881 | D:7      | Reached XP level 10. HP: 64/64 MP: 10/10
  5901 | D:7      | Killed an angel
  6369 | D:8      | Identified the +3 flail of the Pillar {spect, *Corrode
                  | +Blink rN+ MP+9}
  7065 | D:9      | Found a staircase to the Lair.
  7124 | D:9      | Reached XP level 11. HP: 71/71 MP: 11/11
  7193 | D:9      | Found a roughly hewn altar of Beogh.
  7260 | D:9      | Found a snail-covered altar of Cheibriados.
  7302 | D:9      | Reached skill level 10 in Armour
  7307 | D:9      | Reached skill level 10 in Fighting
  7307 | D:9      | Reached skill level 10 in Shields
  7476 | D:9      | Noticed a two-headed ogre
  7478 | D:9      | Noticed a two-headed ogre
  7495 | D:9      | Killed a two-headed ogre
  7498 | D:9      | Killed a two-headed ogre
  7578 | D:9      | Found the +7 Throatcutter {drain, coup de grace}
  7844 | D:10     | Entered Level 10 of the Dungeon
  7893 | D:10     | Found a runed translucent gate.
  7894 | D:10     | Found a runed translucent gate.
  8010 | D:10     | Found a runed translucent gate.
  8053 | D:10     | Found a hide-covered altar of Uskayaw.
  8142 | D:10     | Found a burning altar of Makhleb.
  8569 | Lair:1   | Entered Level 1 of the Lair of Beasts
  8704 | Lair:1   | Reached XP level 12. HP: 53/79 MP: 12/12
  8933 | Lair:1   | Reached skill level 10 in Maces & Flails
  8979 | Lair:1   | Found a runed translucent gate.
  8980 | Lair:1   | Found a runed translucent gate.
  8981 | Lair:1   | Found a runed translucent gate.
  8984 | Lair:1   | Noticed discipleofbeogh's ghost (journeyman SpAl)
  9544 | Lair:1   | Killed discipleofbeogh's ghost
  9749 | D:11     | Noticed a two-headed ogre
  9759 | D:11     | Killed a two-headed ogre
 10175 | D:11     | Noticed Fannar
 10188 | D:11     | Killed Fannar
 10646 | D:11     | Found Duttowkif's CLEARANCE SALE!.
 11140 | Lair:2   | Noticed a boulder beetle
 11156 | Lair:2   | Killed a boulder beetle
 11157 | Lair:2   | Reached XP level 13. HP: 81/86 MP: 13/13
 11350 | Lair:2   | Found a staircase to the Shoals.
 11582 | Lair:2   | Acquired the +9 crystal plate armour of the Wasteland {+Inv
                  | rN+ Regen+ Slay-4}
 11894 | Lair:3   | Found a hole to the Spider Nest.
 12723 | Lair:4   | Found a viscous altar of Jiyva.
 12728 | Lair:4   | Found a staircase to the Slime Pits.
 12967 | Lair:4   | Acquired a +1 tower shield of protection
 13221 | Lair:4   | You are sucked into a shaft and drop 1 floor!
 13221 | Lair:5   | Entered Level 5 of the Lair of Beasts
 13697 | Lair:5   | Gained mutation: Your large and strong wings let you fly.
                  | [Gargoyle growth]
 13697 | Lair:5   | Reached XP level 14. HP: 92/94 MP: 14/14
 14035 | Lair:5   | Noticed Rupert
 14055 | Lair:5   | Killed Rupert
 14792 | D:1      | Bought a scroll of acquirement for 780 gold pieces
 14792 | D:1      | Acquired the ring "Moowkaf" {Will++ SInv}
 15065 | D:12     | Found Koraecaj's Jewellery Shop.
 15218 | D:12     | Found a staircase to the Orcish Mines.
 15630 | D:13     | Noticed Nessos
 15630 | D:13     | Found a gate to the Vaults.
 15960 | D:12     | Killed Nessos
 16160 | D:13     | Acquired the +2 pair of gloves of Disguise {rCorr}
 16635 | D:13     | Reached XP level 15. HP: 101/101 MP: 15/15
 16958 | D:14     | Found Hafymonu's Book Boutique.
 17179 | D:14     | You are sucked into a shaft and drop 1 floor!
 17179 | D:15     | Entered Level 15 of the Dungeon
 17212 | D:15     | Reached skill level 15 in Shields
 17274 | D:15     | Found a staircase to the Depths.
 17288 | D:15     | Reached skill level 15 in Fighting
 17368 | D:15     | Reached skill level 15 in Armour
 18044 | D:14     | Noticed Snorg
 18070 | D:14     | Killed Snorg
 18695 | D:15     | Found a runed translucent door.
 18695 | D:15     | Noticed Bustrupp's ghost (journeyman DsMo)
 18738 | D:15     | Noticed Louise
 18760 | D:15     | Killed Louise
 18988 | D:15     | Found the +18 Lear's hauberk
 19150 | D:15     | Killed Bustrupp's ghost
 19230 | Orc:1    | Entered Level 1 of the Orcish Mines
 19389 | Orc:1    | Noticed Erolcha
 19407 | Orc:1    | Killed Erolcha
 19483 | Orc:1    | Found Huolas's Magic Scroll Shop.
 19488 | Orc:1    | Found a transporter.
 19524 | Orc:1    | Found Leoqaqau's Armour Shop.
 19529 | Orc:1    | Found Japaa's Antique Weapon Shoppe.
 19529 | Orc:1    | Found Ydghag's Jewellery Shoppe.
 19649 | Orc:1    | Noticed Vaucseu's ghost (journeyman MiFi)
 19758 | Orc:1    | Found Woabief's Magic Scroll Shoppe.
 19997 | Orc:1    | Found a transporter.
 20034 | Orc:1    | Reached XP level 16. HP: 29/110 MP: 16/16
 20043 | Orc:1    | HP: 5/110 [Vaucseu's ghost (5)]
 20094 | Orc:1    | Killed Vaucseu's ghost
 20110 | Orc:1    | Identified the +0 cloak of the Saviour {rPois Str+2 Stlth-}
 20142 | Orc:2    | Entered Level 2 of the Orcish Mines
 20171 | Orc:2    | Found Rote Hee's Jewellery Shoppe.
 20213 | Orc:2    | Found a flickering gateway to a bazaar.
 20218 | Bazaar   | Entered a bazaar
 20218 | Bazaar   | Found Raceenes's Jewellery Shop.
 20218 | Bazaar   | Found Omeenah's General Store.
 20246 | Bazaar   | Found Eturch's Armour Boutique.
 20250 | Bazaar   | Found Yruirgho's Armour Shoppe.
 20258 | Bazaar   | Bought the scarf "Werolun" {repulsion, rC+ Int+2 Dex-3} for
                  | 372 gold pieces
 20406 | Orc:2    | Found a roughly hewn altar of Beogh.
 20429 | Orc:2    | Found a staircase to the Elven Halls.
 20848 | Orc:2    | Found Xaptypla's Assorted Antiques.
 20848 | Orc:2    | Found Geton's Armour Shop.
 20848 | Orc:2    | Found Hocif's Magic Scroll Boutique.
 20851 | Orc:2    | Found Capa's Armour Shoppe.
 21320 | Spider:1 | Entered Level 1 of the Spider Nest
 21673 | D:1      | Bought a scroll of enchant armour for 90 gold pieces
 22749 | Spider:1 | Reached skill level 15 in Maces & Flails
 23653 | Spider:2 | Reached XP level 17. HP: 101/116 MP: 17/17
 24537 | Spider:3 | Identified the +3 war axe "Egosokh" {antimagic, rF+}
 24540 | Spider:3 | Noticed Agnes
 24608 | Spider:2 | Killed Agnes
 24686 | Spider:3 | Gained mutation: You are frail. (-10% HP) [mutagenic glow]
 24694 | Spider:3 | Gained mutation: You occasionally lose the ability to drink
                  | potions when taking damage. [mutagenic glow]
 25206 | Spider:4 | Entered Level 4 of the Spider Nest
 25272 | Spider:4 | Gained mutation: You are weak. (Str -2) [mutagenic glow]
 25288 | Spider:4 | Gained mutation: You are very weak. (Str -4) [mutagenic
                  | glow]
 25363 | Spider:4 | Lost mutation: You are frail. (-10% HP) [potion of
                  | mutation]
 25363 | Spider:4 | Lost mutation: You are very weak. (Str -4) [potion of
                  | mutation]
 25364 | Spider:4 | Lost mutation: You are weak. (Str -2) [potion of mutation]
 25364 | Spider:4 | Lost mutation: You occasionally lose the ability to drink
                  | potions when taking damage. [potion of mutation]
 25364 | Spider:4 | Gained mutation: Your flesh is cold resistant. (rC+)
                  | [potion of mutation]
 25364 | Spider:4 | Gained mutation: Your natural rate of healing is unusually
                  | fast. [potion of mutation]
 25813 | Spider:4 | HP: 2/118 [tarantella (17)]
 25813 | Spider:4 | Demolished by an emperor scorpion

Illustrated notes

Levels and vault maps discovered:
D:1:      lightli_arrival_chessboard, layout_loops_ring, st_stairs_4,
          minmay_octomino_e4
D:2:      layout_basic, nicolae_nh_oracle_at_delphi
D:3:      kennysheep_the_goblin_king, layout_basic, mainiacjoe_overflow_alcove_2
D:4:      layout_loops_ring
D:5:      layout_loops_ring, nicolae_qazlal_style_of_elements,
          mainiacjoe_overflow_24_doors, serial_demonic, serial_demonic_c,
          serial_demonic_a, serial_demonic_e, serial_demonic_e, dk_vineyard_3,
          kennysheep_generic_room_15, uniq_edmund
D:6:      layout_rooms, minmay_temple_entry_grid
D:7:      minmay_razor_zed, layout_basic, mainiacjoe_overflow_cross_hatched,
          grunt_temple_overflow_order_and_chaos_1,
          nicolae_overflow_hidden_temple
D:8:      layout_basic
D:9:      layout_basic, mainiacjoe_overflow_boulevard, hellmonk_lair_entry_icy,
          special_room [special_room_orc], nicolae_phantomly_mirrored
D:10:     cheibrodos_iron_armory, layout_loops_cross,
          mainiacjoe_overflow_catch_the_wave, minivault_1
D:11:     layout_layer_cave, nicolae_shop_clearance, uniq_fannar
D:12:     layout_basic, orc_0_dummy, serial_shops, shop
D:13:     layout_stronghold, david_vaults_3
D:14:     layout_basic, serial_shops, shop, kennysheep_flooded_box, uniq_snorg
D:15:     hangedman_depths_entry_try_elsewhere_first, layout_loops_corners,
          hellmonk_ghost_happy_afterlife, hellmonk_guarded_unrand_lears,
          uniq_louise
Temple:   nicolae_temple_bog_church
Lair:1:   lemuel_ratsnest, layout_loops_ring, ebering_ghost_rock_garden,
          beast_lair_carwin_5
Lair:2:   layout_long_grid, minmay_shoals_entry_beasts,
          nicolae_quartered_pool_medium
Lair:3:   layout_loops_ring, spider_nest_entry_rubble,
          infiniplex_staircase_pool, lemuel_fruit_tree
Lair:4:   layout_misc_corridors, minmay_slime_entry_jelly_boxes,
          grunt_forest_large_clearing_hut
Lair:5:   hangedman_lair_tendril_chambers, layout_misc_corridors, uniq_rupert
Spider:1: layout_spider_delve, hive_lemuel
Spider:2: layout_spider_delve
Spider:3: layout_spider_delve, uniq_agnes
Spider:4: grunt_spider_rune_parallel
Orc:1:    layout_caves, serial_shops, nicolae_shop_waterfront, shop, shop, shop,
          shop, gammafunk_ghost_berserking_beasts, nooodl_orcs_dogs,
          uniq_erolcha
Orc:2:    st_orc_rangers, layout_caves, basic_altar, serial_shops,
          bzr_entry_road, minmay_shop_enchanted_jewellery

Skill      XL: |  1  2  3  4  5  6  7  8  9 10 11 12 13 14 15 16 17 |
---------------+----------------------------------------------------+-----
Armour         | 4 5 7 8 9 10 12 13 14 15 16 17 | 17.6
Fighting       | 4 5 7 8 9 10 12 13 14 15 16 17 | 17.6
Shields        | 4 5 7 8 9 10 12 13 14 15 16 17 | 17.7
Maces & Flails | 3 4 6 7 8 9 11 12 13 14 15 16 | 16.1

Action                     |  1- 3 |  4- 6 |  7- 9 | 10-12 | 13-15 | 16-18 || total
---------------------------+-------+-------+-------+-------+-------+-------++-------
  Melee: Flail             |    77 |    50 |       |       |       |       ||   127
         Whip              |       |   164 |       |       |       |       ||   164
         Eveningstar       |       |    33 |   228 |   690 |  1698 |  1565 ||  4214
  Throw: Dart              |       |       |       |     1 |       |       ||     1
 Invoke: Call Merchant     |       |       |       |       |     3 |     3 ||     6
  Evoke: Wand              |       |       |       |       |       |     1 ||     1
    Use: Scroll            |       |    11 |     4 |     8 |     9 |     7 ||    39
         Potion            |       |       |       |     2 |     3 |    10 ||    15
   Stab: Distracted        |       |       |     2 |     3 |     4 |     4 ||    13
 Armour: Scale mail        |    52 |   115 |       |       |       |       ||   167
         Chain mail        |       |    59 |   157 |   461 |    15 |       ||   692
         Leather armour    |       |       |    88 |    94 |       |       ||   182
         Crystal plate arm |       |       |       |       |  1507 |  1796 ||  3303
  Dodge: Dodged            |    33 |    84 |    90 |   266 |   313 |   426 ||  1212
         Repelled          |       |       |       |       |       |     5 ||     5
  Block: Buckler           |     7 |       |       |       |       |       ||     7
         Kite shield       |    26 |   125 |   154 |   571 |   209 |       ||  1085
         Tower shield      |       |       |       |       |  1975 |  2576 ||  4551

Table legend: (Time is in decaauts)
 A = Elapsed time spent in this place.
 B = Non-inter-level travel time spent in this place.
 C = Inter-level travel time spent in this place.
 D = Time resting spent in this place.
 E = Time spent auto-exploring this place.
 F = Levels seen in this place.
 G = Mean time per level.
                   A        B        C        D        E       F      G
               +--------+--------+--------+--------+--------+-----+--------+
         Total |  25814 |  23498 |   2316 |   1019 |  14776 |  28 |  921.9 |
       Dungeon |  15065 |  13427 |   1638 |    572 |   9062 |  15 | 1004.3 |
        Temple |     41 |      8 |     33 |      0 |      0 |   1 |   41.0 |
          Lair |   4912 |   4439 |    473 |    122 |   2904 |   5 |  982.4 |
   Spider Nest |   3874 |   3795 |     79 |    325 |   1744 |   4 |  968.5 |
  Orcish Mines |   1862 |   1770 |     92 |      0 |   1027 |   2 |  931.0 |
        Bazaar |     58 |     58 |      0 |      0 |     39 |   1 |   58.0 |
               +--------+--------+--------+--------+--------+-----+--------+

Top non-repeatable levels by time:
Spider:1: 1347 daAuts
Spider:2: 1282 daAuts
     D:9: 1278 daAuts
  Lair:5: 1217 daAuts
    D:11: 1187 daAuts
    D:15: 1151 daAuts
  Lair:1: 1142 daAuts
     D:3: 1125 daAuts
    D:14: 1100 daAuts
     D:7: 1093 daAuts
     D:5: 1092 daAuts
    D:13: 999 daAuts
     D:4: 996 daAuts
    D:12: 970 daAuts
   Orc:2: 938 daAuts
